 Dungeon Crawl Stone Soup version 0.17-a0-896-g249456b (webtiles) character file.

164605 FedoraBrony69 the Scorcher (level 17, -2/96 HPs)
             Began as a Deep Elf Conjurer on Apr 30, 2015.
             Was the Champion of Vehumet.
             Killed from afar by Aizul (28 damage)
             ... with a bolt of poison
             ... on level 2 of the Elven Halls on May 1, 2015.
             The game lasted 03:31:41 (41506 turns).

FedoraBrony69 the Scorcher (Deep Elf Conjurer)     Turns: 41506, Time: 03:31:43

Health: -2/96      AC:  9    Str: 10    XL:     17   Next: 26%
Magic:  3/47       EV: 19    Int: 29    God:    Vehumet [******]
Gold:   1788       SH:  7    Dex: 15    Spells: 11 memorised, 1 level left

rFire  . . .     SeeInvis .     n - +1 flail "Guegum" {flame, rN+ MP+9 Str+3}
rCold  . . .     Clarity  +     F - +2 robe {MR+}
rNeg   + . .     SustAb   .     K - +2 buckler {reflect}
rPois  .         Gourm    .     a - +2 helmet {Int+3}
rElec  +         Spirit   .     s - +0 cloak
rCorr  .         Warding  .     (no gloves)
rMut   +         Stasis   .     z - +0 pair of boots
MR     +++..                    N - amulet of resist mutation
Stlth  ++........               x - ring of wizardry
                                j - ring of protection from magic

@: lethally poisoned (-2 -> -14), repel missiles, extremely resistant to hostile
enchantments, unstealthy
A: clarity, electricity resistance
a: Renounce Religion


You were on level 2 of the Elven Halls.
You worshipped Vehumet.
Vehumet was exalted by your worship.
You were hungry.

You visited 5 branches of the dungeon, and saw 30 of its levels.
You also visited: Labyrinth and Ice Cave.

You collected 3156 gold pieces.
You spent 1368 gold pieces at shops.

Inventory:

Hand weapons
 n - the +1 flail "Guegum" (weapon) {flame, rN+ MP+9 Str+3}
   (You found it on level 3 of the Lair of Beasts)

   It has been specially enchanted to burn those struck by it, causing extra
   injury to most foes and up to half again as much damage against particularly
   susceptible opponents.
   It affects your strength (+3).
   It protects you from negative energy.
   It affects your magic capacity (+9).
Armour
 a - a +2 helmet of intelligence (worn)
 i - the +0 robe of Sacwicla {+Blink Str+2}
   (You found it on level 1 of the Elven Halls)

   It affects your strength (+2).
   It lets you blink.
 s - a +0 cloak (worn)
 w - a +3 leather armour
 z - a +0 pair of boots (worn)
 F - a +2 robe of magic resistance (worn)
 K - a +2 buckler of reflection (worn)
Jewellery
 j - a ring of protection from magic (left hand)
 p - the ring of Trepidation {-Tele MP+9 Dex+2 SInv}
   (You found it on level 6 of the Lair of Beasts)

   [ring of magical power]

   It affects your dexterity (+2).
   It affects your magic capacity (+9).
   It enhances your eyesight.
   It prevents most forms of teleportation.
 x - a ring of wizardry (right hand)
 E - an uncursed amulet of regeneration
 N - an amulet of resist mutation (around neck)
Magical devices
 A - a wand of flame (20)
 Q - a wand of hasting (3)
Scrolls
 k - a scroll of amnesia
 o - 10 scrolls of remove curse
 q - a scroll of fear
 u - 8 scrolls of identify
 v - 8 scrolls of teleportation
 C - 2 scrolls of enchant armour
Potions
 b - 2 potions of haste
 d - a potion of resistance
 g - 3 potions of magic
 m - 6 potions of flight
 r - 4 potions of heal wounds
 t - 2 potions of brilliance
 H - 2 potions of cancellation
 I - 2 potions of agility
 J - 7 potions of curing
 P - a potion of invisibility
 V - 2 potions of might
Books
 e - a book of Hinderance

   Spells                             Type                      Level
   a - Confusing Touch                Hexes                        2
   b - Confuse                        Hexes                        3
   c - Gell's Gravitas                Hexes/Translocation          3
   d - Petrify                        Transmutation/Earth          4
   e - Metabolic Englaciation         Hexes/Ice                    5
   f - Summon Mana Viper              Hexes/Summoning              5
 y - a book of the Dragon

   Spells                             Type                      Level
   a - Flight                         Charms/Air                   3
   b - Cause Fear                     Hexes                        4
   c - Bolt of Fire                   Conjuration/Fire             6
   d - Dragon Form                    Transmutation                7
   e - Dragon's Call                  Summoning                    9
 B - a book of Spatial Translocations

   Spells                             Type                      Level
   a - Apportation                    Translocation                1
   b - Blink                          Translocation                2
   c - Shroud of Golubria             Charms/Translocation         2
   d - Portal Projectile              Translocation                3
   e - Teleport Other                 Translocation                3
   f - Passage of Golubria            Translocation                4
 G - the Handbook of Stolen Souls
   (You found it on level 1 of the Elven Halls)

   Spells                             Type                      Level
   a - Animate Skeleton               Necromancy                   1
   b - Corpse Rot                     Necromancy                   2
   c - Regeneration                   Charms/Necromancy            3
   d - Animate Dead                   Necromancy                   4
   e - Death Channel                  Necromancy                   6
Comestibles
 c - 15 bread rations
 f - 14 meat rations
 h - 51 fruits
 l - 6 beef jerkies
 U - 2 slices of pizza


   Skills:
 - Level 7.1 Fighting
 - Level 11.0 Dodging
 - Level 2.4 Stealth
 - Level 5.2 Shields
 - Level 15.1 Spellcasting
 + Level 16.8 Conjurations
 - Level 11.0 Charms
 - Level 10.9 Translocations
 + Level 17.4 Fire Magic
 - Level 3.4 Air Magic


You had one spell level left.
You knew the following spells:

 Your Spells              Type           Power        Failure   Level  Hunger
a - Freezing Cloud        Conj/Ice/Air   ######....   2%          6    ###....
b - Iskenderun's Battles  Conj/Chrm      #######.     1%          5    None
c - Iskenderun's Mystic   Conj           #######.     1%          4    None
d - Repel Missiles        Chrm/Air       ######       1%          2    None
e - Orb of Destruction    Conj           #######...   1%          7    #####..
f - Delayed Fireball      Conj/Fire      N/A          1%          7    #####..
g - Magic Dart            Conj           ####         0%          1    None
h - Blink                 Tloc           N/A          1%          2    None
n - Regeneration          Chrm/Necr      ######....   1%          3    None
q - Bolt of Fire          Conj/Fire      #######...   1%          6    ###....
x - Swiftness             Chrm/Air       ######..     1%          2    None


Dungeon Overview and Level Annotations

Branches:
Dungeon (15/15)            Temple (1/1) D:4            Lair (8/8) D:10
 Shoals (0/4) Lair:6        Snake (0/4) Lair:6        Slime (0/6) Lair:6
    Orc (4/4) D:11            Elf (2/3) Orc:4        Vaults (0/5) D:14
 Depths (0/5) D:15

Altars:
Ashenzari
Cheibriados
Dithmenos
Elyvilon
Fedhas
Gozag
Kikubaaqudgha
Makhleb
Nemelex Xobeh
Okawaru
Qazlal
Ru
Sif Muna
Trog
Vehumet
Xom
Yredelemnul
Zin
The Shining One
Beogh

Shops:
D:6 *   D:7 %   D:9 %   D:11 *   D:12 =   Orc:4 *[**   Elf:1 :   Elf:2 ?

Annotations:
Elf:2 Aizul


Innate Abilities, Weirdness & Mutations

You possess an exceptional clarity of mind.
You are resistant to electric shocks.


Message History

Aim: an executioner's axe of holy wrath (moderately damaged)
The orb of energy hits the executioner's axe of holy wrath.
The executioner's axe of holy wrath is almost destroyed.
* * * LOW HITPOINT WARNING * * *
You feel very sick.
A halberd of venom comes into view.
Read which item? (? for menu, Esc to quit)
As you read the scroll of teleportation, it crumbles to dust.
You feel strangely unstable.
* * * LOW HITPOINT WARNING * * *
You feel very sick.
Drink which item? (? for menu, Esc to quit)
You feel better.
Your surroundings suddenly seem different.
Aizul the Neglectful Guardian comes into view.
Aizul shouts!
Aizul coils himself and waves his upper body at you.
The bolt of poison hits you!
You are poisoned.
You die...

### ##..##
##....##..
######
##.......
.....##
#....S#
..)...##
#..@.#
.......##
##..##
........#
#.(#
........#
....
........#
##...
........#
#....
........#
.....
.......##
......
......##
(..


You could see Aizul and 2 dancing weapons.

Vanquished Creatures
  Saint Roka (Elf:2)
  Rupert (D:12)
  Frances (D:14)
  Maud (Lair:6)
  A deep elf sorcerer (Elf:1)
  A frost giant (IceCv)
  Nessos (Lair:8)
  A deep elf death mage (Elf:1)
  A minotaur (Lab)
  An ettin (D:15)
  Fannar (Lair:1)
  Harold (Lair:4)
  Erolcha (D:12)
  A catoblepas (D:14)
  4 hydras
  4 centaur warriors
  An ogre mage (D:15)
  4 dancing weapons (Elf:2)
  A tengu warrior (D:15)
  24 death yaks
  5 orc high priests (Orc:4)
  Sonja (D:15)
  8 deep elf knights
  A deep troll (D:15)
  7 skeletal warriors
  8 hill giants
  3 swamp dragons (Lair:6)
  3 deep elf summoners
  An ice statue (IceCv)
  3 lindwurms
  2 wizards
  Pikel (D:7)
  3 unseen horrors
  7 orc knights
  2 necromancers (Elf:1)
  4 deep elf conjurers (Elf:1)
  3 large abominations (Elf:1)
  6 griffons
  A cyclops (D:9)
  5 orc sorcerers
  A naga mage (Lair:6)
  21 ugly things
  10 elephants
  A centaur zombie (D:11)
  A torpor snail (Lair:6)
  2 manticores
  7 black mambas
  30 spiny frogs
  3 gargoyles
  2 efreet
  A komodo dragon (shapeshifter) (D:13)
  A yaktaur (D:15)
  8 komodo dragons
  2 fire drakes (Lair:8)
  9 deep elf priests
  17 polar bears (IceCv)
  A tengu conjurer (D:12)
  A wandering mushroom (Lair:7)
  2 slime creatures
  4 giant leeches (Lair:8)
  5 trolls
  Prince Ribbit (D:7)
  9 blink frogs
  A boulder beetle (shapeshifter) (D:14)
  2 two-headed ogres
  A boulder beetle (Orc:4)
  2 ravens (D:12)
  A vampire (D:14)
  2 redbacks (Elf:1)
  18 deep elf magi
  A tarantella (Elf:1)
  14 deep elf fighters
  3 basilisks
  9 hippogriffs
  3 wyverns (D:9)
  4 shadows
  86 yaks
  Eustachio (D:5)
  3 wraiths
  A hill giant zombie (D:11)
  A hungry ghost (D:10)
  4 wargs
  4 vampire mosquitoes (Lair:8)
  A mottled dragon (D:15)
  5 swamp worms (Lair:6)
  23 wolves
  The ghost of FedoraBrony69 the Conjurer, an average DECj (D:4)
  5 phantoms
  16 porcupines
  A swamp drake (Lair:6)
  12 water moccasins
  A slave (D:7)
  4 black bears
  6 sky beasts
  2 wasps
  3 boggarts (D:14)
  35 centaurs
  36 orc warriors
  5 ice beasts
  10 ogres
  23 crocodiles
  A boring beetle (Lair:8)
  3 elf zombies (Elf:1)
  2 big kobolds
  33 giant frogs
  A gnoll sergeant (D:9)
  2 wyvern zombies
  3 troll zombies (D:11)
  A wyvern skeleton (D:13)
  A scorpion (D:11)
  15 wights
  10 killer bees
  8 crimson imps
  10 electric eels
  9 hounds
  2 gnoll shamans
  25 orc wizards
  Crazy Yiuf (D:3)
  A giant frog zombie (D:11)
  42 orc priests
  4 jellies
  13 worker ants
  4 centaur skeletons
  3 hell rats
  Terence (D:2)
  9 iguanas
  3 ogre zombies (D:11)
  29 sheep
  A hound zombie (D:8)
  A worker ant zombie (D:6)
  12 adders
  16 gnolls
  74 river rats
  5 shadow imps
  2 oozes
  3 worms
  An adder skeleton (D:9)
  4 giant geckos
  178 orcs
  19 bats
  5 giant cockroaches
  2 gnoll zombies (D:2)
  20 hobgoblins
  4 jackals (D:2)
  2 quokkas (D:2)
  2 ball pythons (D:1)
  6 giant newts
  5 giant spores
  28 goblins
  2 goblin skeletons (D:11)
  3 goblin zombies (D:11)
  2 hobgoblin skeletons (D:11)
  30 kobolds
  5 orc skeletons (D:11)
  10 orc zombies (D:11)
  A quokka skeleton (D:5)
  17 rats
  42 ballistomycetes
  A butterfly (Lair:6)
  16 fungi
  12 plants
1382 creatures vanquished.

Vanquished Creatures (others)
  A centaur warrior (D:15)
  A deep elf knight (Elf:1)
  A centaur (D:15)
  A giant frog (D:7)
  A crimson imp (D:7)
  A bat (D:7)
  A hobgoblin (D:7)
  3 giant spores (D:14)
  2 ballistomycetes (D:14)
  26 fungi
  31 plants
69 creatures vanquished.

Grand Total: 1451 creatures vanquished

Notes
Turn   | Place    | Note
--------------------------------------------------------------
     0 | D:1      | FedoraBrony69, the Deep Elf Conjurer, began the quest for the Orb.
     0 | D:1      | Reached XP level 1. HP: 10/10 MP: 6/6
   111 | D:1      | Reached XP level 2. HP: 7/15 MP: 1/8
   708 | D:2      | Reached skill level 5 in Conjurations
   708 | D:2      | Reached XP level 3. HP: 19/19 MP: 6/10
   938 | D:2      | Found a basalt altar of Yredelemnul.
  1004 | D:2      | Found a glowing silver altar of Zin.
  1005 | D:2      | Found a white marble altar of Elyvilon.
  1006 | D:2      | Found a glowing golden altar of the Shining One.
  1055 | D:2      | Noticed Terence
  1063 | D:2      | Killed Terence
  1063 | D:2      | Reached XP level 4. HP: 24/24 MP: 2/12
  1464 | D:3      | Reached skill level 5 in Spellcasting
  1704 | D:3      | Reached XP level 5. HP: 28/28 MP: 7/14
  1783 | D:3      | Found a blossoming altar of Fedhas.
  1976 | D:3      | Noticed Crazy Yiuf
  1995 | D:3      | Learned a level 5 spell: Iskenderun's Battlesphere
  2000 | D:3      | Learned a level 4 spell: Iskenderun's Mystic Blast
  2018 | D:3      | Killed Crazy Yiuf
  2018 | D:3      | Reached skill level 1 in Charms
  2102 | D:4      | Found a stormy altar of Qazlal.
  2117 | D:4      | Reached skill level 6 in Conjurations
  2241 | D:4      | Noticed a phantom
  2268 | D:4      | Killed a phantom
  2268 | D:4      | Reached XP level 6. HP: 13/32 MP: 0/17
  2478 | D:4      | Found an opulent altar of Gozag.
  2713 | D:4      | Found a shadowy altar of Dithmenos.
  2713 | D:4      | Noticed a phantom
  2731 | D:4      | Killed a phantom
  2887 | D:4      | Noticed a black bear
  2898 | D:4      | Killed a black bear
  2898 | D:4      | Reached skill level 5 in Charms
  2898 | D:4      | Reached XP level 7. HP: 23/36 MP: 8/19
  2953 | D:4      | Noticed FedoraBrony69's ghost (average DECj)
  3018 | D:4      | Killed FedoraBrony69's ghost
  3018 | D:4      | Reached skill level 7 in Spellcasting
  3068 | D:4      | Found a staircase to the Ecumenical Temple.
  3093 | Temple   | Entered the Ecumenical Temple
  3148 | Temple   | Became a worshipper of Vehumet
  3486 | D:5      | Entered Level 5 of the Dungeon
  3862 | D:5      | Reached XP level 8. HP: 41/41 MP: 15/21
  3907 | D:5      | Noticed Eustachio
  3919 | D:5      | Killed Eustachio
  3919 | D:5      | Reached skill level 8 in Charms
  4461 | D:5      | Acquired Vehumet's first power
  4461 | D:5      | Offered knowledge of Flame Tongue by Vehumet.
  4536 | D:6      | Gained mutation: You are frail (-10% HP). [mutagenic meat]
  4537 | D:6      | Gained mutation: You possess an exceptional clarity of mind. [mutagenic meat]
  4538 | D:6      | Gained mutation: Potions and wands are less effective at restoring your health. [mutagenic meat]
  4539 | D:6      | Gained mutation: You are resistant to electric shocks. [mutagenic meat]
  4540 | D:6      | Gained mutation: Your body sometimes deteriorates upon taking damage. [mutagenic meat]
  4541 | D:6      | Gained mutation: Your mind is acute. (Int +2) [mutagenic meat]
  4622 | D:6      | Reached skill level 9 in Charms
  4630 | D:6      | Lost mutation: Potions and wands are less effective at restoring your health. [mutagenic meat]
  4631 | D:6      | Gained mutation: You can spit weak poison. [mutagenic meat]
  4946 | D:6      | Found Irebbuent's General Store.
  4957 | D:6      | Bought a potion of degeneration for 12 gold pieces
  4963 | D:6      | Lost mutation: Your body sometimes deteriorates upon taking damage. [potion of cure mutation]
  4963 | D:6      | Lost mutation: Your mind is acute. (Int +2) [potion of cure mutation]
  4963 | D:6      | Lost mutation: You are frail (-10% HP). [potion of cure mutation]
  4963 | D:6      | Lost mutation: You can spit weak poison. [potion of cure mutation]
  5012 | D:6      | Found a shadowy altar of Dithmenos.
  5097 | D:6      | Reached XP level 9. HP: 45/45 MP: 14/24
  5311 | D:7      | Noticed Prince Ribbit
  5314 | D:7      | Killed Prince Ribbit
  5382 | D:7      | Found Wall's Food Emporium.
  5566 | D:7      | Noticed Pikel
  5570 | D:7      | Killed Pikel
  5570 | D:7      | Reached skill level 10 in Spellcasting
  5570 | D:7      | Reached skill level 10 in Charms
  5732 | D:7      | Offered knowledge of Shock by Vehumet.
  6542 | D:8      | Reached skill level 10 in Conjurations
  6685 | D:8      | Got a jacinth-encrusted leather armour
  6737 | D:8      | Reached skill level 11 in Spellcasting
  6764 | D:8      | Found a staircase to the Lair.
  6861 | D:8      | Offered knowledge of Ignite Poison by Vehumet.
  6875 | D:8      | Found a burning altar of Makhleb.
  7118 | D:8      | Acquired Vehumet's second power
  7130 | D:8      | Learned a level 2 spell: Repel Missiles
  7234 | D:8      | Reached XP level 10. HP: 50/50 MP: 13/27
  7814 | D:8      | Found a sacrificial altar of Ru.
  7894 | D:8      | Found a shimmering altar of Xom.
  7894 | D:8      | Found a deep blue altar of Sif Muna.
  8213 | D:9      | Reached skill level 1 in Shields
  8229 | D:9      | Learned a level 3 spell: Conjure Flame
  8278 | D:9      | Identified the +2 leather armour of Tulips {rElec Slay+2} (You found it on level 8 of the Dungeon)
  8527 | D:9      | Offered knowledge of Force Lance by Vehumet.
  8527 | D:9      | Reached skill level 1 in Fire Magic
  8576 | D:9      | Reached skill level 1 in Fighting
  8916 | D:9      | Noticed a cyclops
  8920 | D:9      | Killed a cyclops
  8980 | D:9      | Found Juvap's Food Boutique.
  9117 | D:9      | Acquired Vehumet's third power
  9175 | D:10     | Entered Level 10 of the Dungeon
  9203 | D:10     | Reached skill level 12 in Spellcasting
  9257 | D:10     | Offered knowledge of Static Discharge by Vehumet.
  9730 | D:10     | Reached XP level 11. HP: 58/58 MP: 9/29
  9841 | D:10     | Noticed a hill giant
  9850 | D:10     | Killed a hill giant
 10183 | D:10     | Found a staircase to the Lair.
 10433 | D:10     | Found a sparkling altar of Nemelex Xobeh.
 10572 | D:10     | Reached skill level 5 in Fire Magic
 11020 | Lair:1   | Entered Level 1 of the Lair of Beasts
 11194 | Lair:1   | Found a shattered altar of Ashenzari.
 11277 | Lair:1   | Noticed Fannar
 11429 | Lair:1   | Killed Fannar
 12715 | Lair:2   | Reached skill level 5 in Shields
 12947 | Lair:2   | Found a labyrinth entrance.
 12962 | Lab      | Entered a labyrinth
 13168 | Lab      | Noticed a minotaur
 13212 | Lab      | Killed a minotaur
 13217 | Lab      | Got a brightly glowing chain mail
 13251 | Lab      | Learned a level 2 spell: Blink
 13435 | Lair:2   | Noticed a lindwurm
 13439 | Lair:2   | Killed a lindwurm
 13610 | Lair:2   | Offered knowledge of Lee's Rapid Deconstruction by Vehumet.
 13795 | Lair:2   | Reached XP level 12. HP: 59/66 MP: 24/30
 13809 | Lair:2   | Reached skill level 1 in Translocations
 13926 | Lair:1   | Identified the cursed +1 chain mail of Life {rPois Dex+4} (You took it off a minotaur in a labyrinth)
 14005 | Lair:3   | Noticed an eight-headed hydra
 14008 | Lair:3   | Killed an eight-headed hydra
 14294 | Lair:3   | Got a pitted flail
 14454 | Lair:3   | Reached skill level 13 in Spellcasting
 14871 | Lair:3   | Identified the +1 flail "Guegum" {flame, rN+ MP+9 Str+3} (You found it on level 3 of the Lair of Beasts)
 15856 | Lair:4   | Reached skill level 5 in Dodging
 16128 | Lair:4   | Noticed Harold
 16132 | Lair:4   | Killed Harold
 16301 | Lair:5   | Reached skill level 5 in Fighting
 16738 | Lair:5   | Offered knowledge of Airstrike by Vehumet.
 16738 | Lair:5   | Reached XP level 13. HP: 12/72 MP: 1/32
 17163 | Lair:4   | Reached skill level 10 in Fire Magic
 17864 | Lair:5   | Reached skill level 5 in Translocations
 18521 | Lair:6   | Found a staircase to the Shoals.
 18528 | Lair:6   | Found a staircase to the Snake Pit.
 18880 | Lair:6   | Got a bound granite ring
 18883 | Lair:6   | Identified the ring of Trepidation {-Tele MP+9 Dex+2 SInv} (You found it on level 6 of the Lair of Beasts)
 18893 | Lair:6   | Reached skill level 14 in Spellcasting
 18994 | Lair:6   | Found a staircase to the Slime Pits.
 19661 | Lair:6   | Offered knowledge of Venom Bolt by Vehumet.
 19793 | Lair:6   | Noticed Maud
 19803 | Lair:6   | Killed Maud
 20977 | Lair:7   | Reached XP level 14. HP: 80/80 MP: 27/34
 21393 | Lair:8   | Entered Level 8 of the Lair of Beasts
 22150 | Lair:8   | Offered knowledge of Freezing Cloud by Vehumet.
 22160 | Lair:8   | Learned a level 6 spell: Freezing Cloud
 22399 | Lair:8   | Reached skill level 1 in Air Magic
 23159 | Lair:8   | Noticed Nessos
 23162 | Lair:8   | Killed Nessos
 24055 | Lair:8   | Offered knowledge of Orb of Destruction by Vehumet.
 24263 | Lair:8   | Reached skill level 15 in Spellcasting
 24650 | Lair:8   | Reached XP level 15. HP: 86/86 MP: 9/36
 24823 | Lair:8   | Identified the Compendium of Torrid Attacks (You found it on level 8 of the Lair of Beasts)
 24857 | Lair:8   | Learned a level 7 spell: Delayed Fireball
 24886 | Lair:8   | Learned a level 2 spell: Swiftness
 25240 | Lair:8   | Learned a level 7 spell: Orb of Destruction
 25240 | Lair:8   | Upgraded the game from 0.17-a0-877-ga10078a to 0.17-a0-896-g249456b
 26622 | D:11     | Found a staircase to the Orcish Mines.
 26636 | D:11     | Offered knowledge of Poison Arrow by Vehumet.
 26762 | D:11     | Found Sioz's General Store.
 26879 | Orc:1    | Entered Level 1 of the Orcish Mines
 27254 | Orc:1    | Found a roughly hewn altar of Beogh.
 27734 | Orc:2    | Found a roughly hewn altar of Beogh.
 28557 | Orc:4    | Entered Level 4 of the Orcish Mines
 28586 | Orc:4    | Found a staircase to the Elven Halls.
 28606 | Orc:4    | Found a frozen archway.
 28619 | IceCv    | Entered an ice cave
 28634 | IceCv    | Offered knowledge of Bolt of Fire by Vehumet.
 28719 | IceCv    | Reached skill level 10 in Dodging
 31025 | Orc:4    | Found Joetet's General Store.
 31048 | Orc:4    | Bought a scroll of identify for 22 gold pieces
 32256 | Orc:4    | Learned a level 6 spell: Bolt of Fire
 32293 | Orc:4    | Offered knowledge of Fire Storm by Vehumet.
 32293 | Orc:4    | Offered knowledge of Shatter by Vehumet.
 32293 | Orc:4    | Offered knowledge of Chain Lightning by Vehumet.
 32294 | Orc:4    | Found Witeywk's Magic Scroll Shoppe.
 32294 | Orc:4    | Found Kyatz's Antique Armour Emporium.
 32294 | Orc:4    | Found Plog's Assorted Antiques.
 32295 | Orc:4    | Found Pulirghomut's Assorted Antiques.
 32303 | Orc:4    | Bought a shiny buckler for 166 gold pieces
 32324 | Orc:4    | Bought a shiny shield for 135 gold pieces
 33890 | D:12     | Found Guzol's Jewellery Shop.
 33898 | D:12     | Bought a +4 ring of intelligence for 405 gold pieces
 33898 | D:12     | Bought an uncursed amulet of resist mutation for 600 gold pieces
 33941 | D:12     | Found a sparkling altar of Nemelex Xobeh.
 34462 | D:12     | Noticed Erolcha
 34462 | D:12     | Killed Erolcha
 34496 | D:12     | Noticed Rupert
 34502 | D:12     | Killed Rupert
 35176 | D:13     | Reached XP level 16. HP: 92/92 MP: 37/37
 35501 | D:14     | Noticed Frances
 35504 | D:14     | Killed Frances
 35504 | D:14     | Reached skill level 10 in Translocations
 35504 | D:14     | Reached skill level 15 in Fire Magic
 36630 | D:14     | Found a gate to the Vaults.
 37095 | D:15     | Entered Level 15 of the Dungeon
 37143 | D:15     | Reached skill level 15 in Conjurations
 37934 | D:15     | Reached skill level 16 in Fire Magic
 38707 | D:15     | Found a staircase to the Depths.
 38744 | D:15     | Noticed Sonja
 38745 | D:15     | Killed Sonja
 39344 | Elf:1    | Entered Level 1 of the Elven Halls
 39370 | Elf:1    | Got a tattered robe
 39381 | Elf:1    | Identified the cursed +0 robe of Sacwicla {+Blink Str+2} (You found it on level 1 of the Elven Halls)
 40035 | Elf:1    | Found Ishrisuv's Book Shoppe.
 40452 | Elf:1    | Reached XP level 17. HP: 96/96 MP: 30/38
 40546 | Elf:1    | Identified the Handbook of Stolen Souls
 40552 | Elf:1    | Learned a level 3 spell: Regeneration
 40600 | Elf:1    | Reached skill level 17 in Fire Magic
 40912 | Elf:2    | Found Quysaib's Magic Scroll Boutique.
 40939 | Elf:2    | Bought a scroll of identify for 28 gold pieces
 41053 | Elf:2    | Found a huge runed gate.
 41053 | Elf:2    | Found a huge runed gate.
 41054 | Elf:2    | Found a huge runed gate.
 41054 | Elf:2    | Found a huge runed gate.
 41055 | Elf:2    | Found a huge runed gate.
 41114 | Elf:2    | Noticed Saint Roka
 41127 | Elf:2    | Killed Saint Roka
 41506 | Elf:2    | Noticed Aizul
 41506 | Elf:2    | Killed from afar by Aizul

Action                   |  1- 3 |  4- 6 |  7- 9 | 10-12 | 13-15 | 16-18 || total
-------------------------+-------+-------+-------+-------+-------+-------++-------
Melee: Short sword       |    18 |       |       |       |       |       ||    18
       Whip              |       |    46 |       |       |       |       ||    46
       Trident           |       |     1 |    37 |    62 |       |       ||   100
       Staff             |       |       |       |     4 |       |       ||     4
       Flail             |       |       |       |     3 |    24 |   126 ||   153
 Cast: Magic Dart        |    71 |   122 |   220 |   213 |    20 |       ||   646
       Iskenderun's Myst |       |    12 |    52 |   243 |   854 |   296 ||  1457
       Iskenderun's Batt |       |       |    16 |    53 |    85 |    17 ||   171
       Repel Missiles    |       |       |       |     1 |     2 |     1 ||     4
       Blink             |       |       |       |       |     2 |       ||     2
       Freezing Cloud    |       |       |       |       |    95 |    38 ||   133
       Delayed Fireball  |       |       |       |       |    17 |    13 ||    30
       Bolt of Fire      |       |       |       |       |     9 |    18 ||    27
       Orb of Destructio |       |       |       |       |     4 |     7 ||    11
 Abil: Release Delayed F |       |       |       |       |    16 |    14 ||    30
  Use: Scroll            |       |     6 |     2 |    18 |     9 |     6 ||    41
       Potion            |       |     3 |     1 |       |     1 |     2 ||     7
  Eat: Chunk             |       |     7 |    27 |    29 |    78 |    26 ||   167
       Pizza             |       |       |       |     3 |     1 |     1 ||     5
